Map: 莱瑞拉克之冠

Players

ZooWhaleTail - Winner!

  • Race: Zerg Zerg
  • League: Master

Jieshi

  • Race: Protoss Protoss
  • League: Master

Event: GPL 2015 - Grand Finals

VOD

Have the link to the VOD?

Description

Time

  • Played on: Jan. 17, 2016, 8:55 a.m.
  • Length: 20:32

All games in this series

Show
View Real Time Build Order
Export as new Build Order

ZooWhaleTail Zerg - Winner!

Build Orders: Pool First 

Get SALT Encoding   

  12  0:00  Drone  
  13  0:22  Spawning Pool  
  13  0:24  Drone  
  13  0:30  Drone  
  14  0:37  Drone, Extractor  
  15  0:44  Overlord  
  15  1:09  Zergling x2  
  15  1:10  Zergling x4  
  18  1:21  Zergling x2  
  18  1:22  Hatchery  
  18  1:31  Zergling x2  
  19  1:42  Zergling x2  
  20  1:54  Hatchery  
  19  1:57  Zergling x2  
  20  2:04  Zergling x2  
  21  2:17  Drone  
  22  2:26  Overlord  
  22  2:33  Queen  
  24  2:38  Drone x2  
  26  2:45  Drone  
  26  2:50  Drone  
  28  2:56  Drone  
  28  2:58  Drone  
  28  2:59  Queen  
  30  3:10  Drone x3  
  33  3:16  Queen  
  35  3:21  Drone  
  35  3:22  Drone  
  37  3:28  Overlord  
  37  3:38  Drone x4  
  37  3:40  Extractor  
  40  3:42  Extractor  
  40  3:46  Drone x2  
  40  3:47  Overlord  
  41  3:52  Drone  
  42  3:56  Drone x3  
  42  3:58  Drone  
  46  4:04  Drone x2  
  48  4:13  Drone x5  
  53  4:20  Roach Warren  
  52  4:25  Metabolic Boost  
  52  4:32  Spore Crawler x2  
  52  4:33  Spore Crawler  
  52  4:38  Drone x3  
  52  4:45  Queen  
  52  4:48  Drone  
  52  4:49  Drone  
  51  4:57  Drone x4  
  53  5:03  Overlord x2  
  52  5:13  Overlord x2  
  52  5:19  Evolution Chamber  
  51  5:24  Drone x5  
  51  5:25  Drone  
  57  5:32  Roach x5  
  57  5:35  Roach  
  69  5:48  Roach x4  
  71  5:51  Zergling x8  
  71  5:54  Extractor  
  74  6:05  Lair  
  74  6:06  Overlord  
  74  6:07  Drone x4  
  78  6:12  Overlord  
  78  6:18  Overlord x2  
  78  6:19  Drone x2  
  77  6:34  Spore Crawler  
  77  6:36  Spore Crawler  
  77  6:38  Drone x6, Spore Crawler x2  
  72  6:40  Spore Crawler  
  72  6:41  Drone  
  72  6:42  Drone  
  66  6:48  Drone  
  66  6:49  Drone x2  
  66  6:53  Drone x4  
  65  6:58  Drone  
  65  7:01  Zerg Melee Weapons Level 1  
  64  7:05  Hydralisk Den  
  64  7:08  Drone x6  
  69  7:17  Zergling x2  
  69  7:20  Pneumatized Carapace  
  69  7:21  Extractor  
  69  7:22  Extractor  
  69  7:24  Drone  
  69  7:25  Drone x5, Extractor  
  73  7:35  Muscular Augments  
  73  7:38  Spore Crawler  
  73  7:41  Hatchery  
  70  7:47  Zergling x18  
  78  7:56  Overlord  
  78  8:00  Drone x4  
  78  8:01  Infestation Pit  
  81  8:15  Zergling x22  
  92  8:34  Hydralisk x6  
  92  8:39  Overlord x2  
  104  8:43  Hydralisk x2, Baneling Nest  
  104  8:44  Hydralisk  
  105  8:59  Hydralisk x4  
  105  9:00  Hydralisk  
  96  9:12  Hydralisk  
  96  9:13  Hydralisk x2  
  98  9:31  Baneling  
  98  9:32  Baneling x2  
  98  9:33  Baneling x2  
  98  9:34  Zerg Melee Weapons Level 2  
  98  9:38  Extractor  
  98  9:40  Spore Crawler, Hydralisk x2  
  98  9:41  Hydralisk  
  98  9:43  Extractor  
  98  9:44  Hydralisk  
  103  9:46  Hydralisk  
  106  9:52  Drone  
  106  9:53  Drone x4  
  106  9:56  Queen  
  112  10:11  Drone  
  112  10:14  Hydralisk, Overlord x2  
  113  10:15  Spine Crawler, Hydralisk  
  115  10:34  Hydralisk x10  
  130  10:49  Hydralisk x2  
  129  10:54  Hydralisk x4  
  137  11:02  Hydralisk  
  137  11:03  Hydralisk x4  
  127  11:07  Hydralisk x2  
  119  11:15  Hydralisk x2  
  119  11:17  Hydralisk  
  120  11:31  Hydralisk x5  
  130  11:33  Zergling x8  
  130  11:35  Hydralisk  
  134  12:02  Hydralisk x4  
  134  12:03  Hydralisk x5  
  134  12:04  Hydralisk  
  111  12:09  Hydralisk  
  111  12:10  Hydralisk  
  111  12:12  Hydralisk  
  111  12:15  Hydralisk  
  105  12:17  Zergling x2  
  108  12:31  Baneling x3  
  108  12:32  Baneling  
  108  12:36  Hatchery  
  107  12:41  Infestor x2  
  111  12:48  Zergling x20  
  121  13:13  Queen  
  121  13:15  Queen  
  122  13:24  Overlord  
  122  13:25  Overlord x2  
  122  13:42  Queen  
  120  13:54  Infestor x3  
  123  13:55  Hydralisk  
  123  13:56  Hydralisk x9  
  143  14:07  Hydralisk x6  
  152  14:25  Overlord x4  
  131  14:53  Hydralisk x12  
  131  14:54  Hydralisk  
  131  14:57  Zergling x2  
  110  15:00  Hydralisk  
  110  15:06  Hydralisk x2  
  106  15:10  Zergling x4  
  104  15:18  Zergling x2  
  104  15:21  Baneling x2  
  105  15:30  Infestor x4  
  105  15:32  Drone  
  105  15:33  Drone x2  
  115  15:50  Baneling x3  
  115  16:07  Hydralisk x8  
  115  16:10  Zergling x2  
  96  16:27  Zerg Missile Weapons Level 1  
  96  16:28  Spire  
  96  16:34  Queen  
  96  16:35  Hydralisk x2  
  96  16:37  Queen  
  96  16:38  Queen  
  96  16:39  Hydralisk x2  
  110  16:44  Baneling x2  
  90  16:55  Hydralisk  
  90  16:56  Hydralisk  
  90  16:57  Zergling x12  
  100  17:09  Hydralisk x2  
  98  17:27  Hydralisk x4  
  106  17:40  Infestor x2  
  106  18:07  Hydralisk x4  
  114  18:23  Hatchery  
  113  18:28  Hydralisk  
  115  18:41  Infestor x2  
  94  19:18  Hydralisk x3  
  94  19:20  Hydralisk  
  102  19:35  Hydralisk  
  102  19:49  Hydralisk  
  102  20:01  Spore Crawler  
Show
View Real Time Build Order
Export as new Build Order

Jieshi Protoss 

Build Orders: Nexus First, Oracle Opening 

Get SALT Encoding   

  12  0:01  Probe (Chrono Boost)  
  13  0:11  Probe (Chrono Boost)  
  14  0:17  Pylon  
  14  0:22  Probe (Chrono Boost)  
  15  0:35  Probe (Chrono Boost)  
  16  0:46  Probe (Chrono Boost)  
  17  0:58  Nexus  
  17  1:07  Gateway  
  18  1:11  Probe (Chrono Boost)  
  18  1:21  Assimilator  
  18  1:22  Probe (Chrono Boost)  
  19  1:31  Assimilator  
  19  1:32  Probe (Chrono Boost)  
  20  1:42  Gateway  
  20  1:43  Probe (Chrono Boost)  
  22  1:56  Cybernetics Core  
  22  2:00  Zealot (Chrono Boost)  
  23  2:04  Pylon  
  23  2:11  Gateway  
  23  2:15  Pylon  
  23  2:18  Pylon  
  26  2:34  Mothership Core (Chrono Boost)  
  26  2:35  Pylon  
  27  2:39  Pylon  
  25  2:44  Pylon  
  25  2:50  Warp Gate  
  25  2:52  Probe (Chrono Boost)  
  26  2:59  Sentry  
  26  3:03  Probe (Chrono Boost)  
  29  3:11  Stargate  
  29  3:14  Probe (Chrono Boost)  
  30  3:25  Probe (Chrono Boost)  
  31  3:28  Adept  
  33  3:35  Probe (Chrono Boost)  
  34  3:46  Probe (Chrono Boost)  
  34  3:54  Oracle (Chrono Boost)  
  37  3:56  Probe  
  38  4:09  Nexus  
  38  4:13  Probe  
  39  4:25  Probe  
  39  4:26  Oracle (Chrono Boost)  
  43  4:34  Pylon  
  44  4:38  Probe  
  44  4:50  Probe  
  45  5:01  Oracle (Chrono Boost)  
  45  5:02  Probe  
  45  5:06  Stargate  
  49  5:07  Gateway  
  49  5:10  Gateway  
  49  5:14  Probe  
  49  5:21  Probe  
  50  5:24  Assimilator  
  50  5:26  Probe  
  52  5:29  Assimilator  
  52  5:31  Probe  
  52  5:32  Pylon  
  53  5:40  Probe  
  53  5:42  Probe  
  54  5:48  Oracle (Chrono Boost)  
  58  5:52  Probe  
  58  5:53  Probe  
  60  5:57  Oracle (Chrono Boost)  
  60  6:04  Probe  
  64  6:05  Probe  
  64  6:07  Pylon  
  65  6:16  Probe, Stargate  
  65  6:18  Probe  
  67  6:21  Pylon  
  67  6:28  Probe  
  67  6:30  Probe  
  69  6:37  Zealot, Adept  
  69  6:38  Oracle (Chrono Boost)  
  72  6:40  Probe  
  72  6:42  Probe  
  74  6:52  Probe  
  72  6:54  Probe  
  72  6:57  Pylon  
  72  7:06  Probe  
  72  7:07  Probe  
  74  7:14  Void Ray (Chrono Boost)  
  78  7:18  Probe  
  78  7:19  Probe  
  80  7:25  Oracle (Chrono Boost)  
  86  7:30  Probe  
  86  7:31  Probe  
  86  7:33  Oracle (Chrono Boost)  
  86  7:35  Zealot  
  86  7:36  Zealot  
  92  7:42  Probe  
  92  7:47  Probe  
  96  7:51  Oracle (Chrono Boost)  
  96  7:54  Probe  
  97  8:01  Oracle (Chrono Boost)  
  100  8:16  Nexus  
  100  8:17  Pylon  
  100  8:20  Pylon  
  100  8:21  Forge  
  100  8:25  Oracle (Chrono Boost)  
  103  8:27  Probe x2  
  103  8:33  Oracle (Chrono Boost), Forge  
  108  8:42  Probe x2  
  108  8:45  Oracle (Chrono Boost)  
  110  8:55  Zealot x2  
  110  9:01  Oracle (Chrono Boost)  
  112  9:04  Pylon  
  112  9:05  Oracle (Chrono Boost)  
  107  9:27  Pylon  
  107  9:29  Nexus  
  106  9:31  Zealot x2  
  110  9:39  Oracle (Chrono Boost)  
  110  9:40  Probe x2  
  115  9:46  Pylon  
  115  9:47  Photon Cannon  
  115  9:48  Pylon  
  115  9:52  Probe x2  
  117  9:57  Zealot x2  
  117  9:58  Oracle (Chrono Boost)  
  124  10:00  Protoss Ground Weapons Level 1  
  124  10:04  Probe  
  125  10:07  Probe, Pylon  
  125  10:13  Oracle (Chrono Boost)  
  129  10:22  Zealot  
  129  10:23  Zealot  
  136  10:30  Oracle (Chrono Boost)  
  136  10:31  Photon Cannon  
  132  10:44  Probe x2  
  132  10:45  Probe  
  120  10:52  Oracle (Chrono Boost)  
  120  10:55  Probe  
  120  10:56  Probe x2  
  125  11:03  Zealot x2  
  117  11:05  Oracle (Chrono Boost)  
  117  11:08  Probe x2  
  116  11:13  Probe  
  116  11:20  Probe  
  116  11:23  Oracle (Chrono Boost), Probe  
  116  11:24  Photon Cannon  
  121  11:32  Probe  
  121  11:34  Probe  
  121  11:37  Assimilator  
  122  11:40  Photon Cannon  
  122  11:41  Oracle (Chrono Boost)  
  122  11:43  Assimilator  
  122  11:45  Probe  
  124  11:54  Zealot x2  
  126  12:03  Oracle (Chrono Boost)  
  126  12:07  Oracle (Chrono Boost)  
  117  12:14  Probe  
  117  12:15  Oracle (Chrono Boost)  
  121  12:23  Zealot x2  
  121  12:25  Probe  
  126  12:32  Probe  
  126  12:35  Oracle (Chrono Boost)  
  130  12:38  Oracle (Chrono Boost), Mothership Core  
  130  12:42  Nexus  
  135  12:45  Pylon  
  135  12:46  Oracle (Chrono Boost)  
  135  12:47  Pylon  
  135  12:48  Zealot  
  135  12:50  Zealot  
  138  12:52  Probe  
  138  12:53  Probe  
  140  12:59  Probe  
  141  13:06  Oracle (Chrono Boost)  
  141  13:09  Zealot  
  141  13:10  Zealot  
  148  13:14  Probe, Photon Cannon  
  148  13:18  Probe x2  
  133  13:27  Probe  
  134  13:30  Probe x2  
  134  13:31  Oracle (Chrono Boost)  
  139  13:39  Probe, Zealot x2  
  143  13:42  Probe x2  
  143  13:45  Oracle (Chrono Boost)  
  147  13:51  Probe  
  147  13:55  Oracle (Chrono Boost)  
  136  14:03  Probe  
  136  14:04  Oracle (Chrono Boost)  
  140  14:10  Stalker  
  143  14:21  Oracle (Chrono Boost)  
  146  14:28  Oracle (Chrono Boost)  
  148  14:35  Oracle (Chrono Boost)  
  144  14:52  Oracle (Chrono Boost)  
  127  14:56  Zealot x2  
  127  14:57  Probe  
  127  14:59  Oracle (Chrono Boost)  
  97  15:06  Oracle (Chrono Boost)  
  94  15:09  Probe  
  94  15:12  Probe  
  96  15:15  Probe x2  
  96  15:21  Probe  
  99  15:22  Probe  
  99  15:23  Oracle (Chrono Boost)  
  99  15:25  Photon Cannon  
  103  15:30  Oracle (Chrono Boost)  
  106  15:38  Probe  
  106  15:39  Probe  
  106  15:40  Probe  
  106  15:41  Probe  
  110  15:44  Zealot  
  110  15:46  Zealot  
  114  15:51  Probe  
  111  16:08  Oracle x2 (Chrono Boost)  
  111  16:09  Oracle (Chrono Boost), Probe  
  115  16:21  Probe  
  115  16:22  Stalker  
  101  16:25  Probe  
  101  16:32  Probe  
  103  16:33  Probe x2  
  103  16:38  Probe  
  103  16:39  Oracle (Chrono Boost)  
  109  16:41  Oracle (Chrono Boost)  
  109  16:45  Probe  
  113  16:48  Oracle (Chrono Boost)  
  113  16:52  Probe  
  109  16:55  Probe  
  109  16:57  Probe  
  112  17:03  Probe  
  113  17:09  Probe  
  113  17:10  Probe x2  
  113  17:13  Probe  
  117  17:21  Probe  
  117  17:22  Probe x2  
  120  17:24  Probe, Oracle (Chrono Boost)  
  120  17:28  Oracle (Chrono Boost)  
  127  17:33  Probe, Photon Cannon  
  127  17:35  Probe  
  129  17:43  Assimilator  
  129  17:44  Zealot  
  131  17:47  Assimilator  
  131  17:55  Zealot  
  131  17:58  Oracle x2 (Chrono Boost)  
  139  18:02  Oracle (Chrono Boost)  
  142  18:15  Probe x2  
  144  18:29  Oracle (Chrono Boost)  
  144  18:34  Oracle (Chrono Boost), Zealot x2  
  150  18:39  Photon Cannon  
  149  18:54  Twilight Council  
  119  19:10  Zealot x2  
  65  19:17  Oracle x2 (Chrono Boost)  
  65  19:22  Probe  
  64  19:30  Oracle (Chrono Boost)  
  67  19:31  Zealot  
  67  19:32  Zealot  
  67  19:34  Probe  
  70  19:50  Oracle (Chrono Boost)  
  60  19:58  Zealot x2  
  59  20:03  Gateway  
  59  20:05  Gateway  
  58  20:10  Gateway  
  58  20:19  Zealot x2  
Tags
 
Add a new tag
Caveats
  • Supply blocks, unpowered buildings, or Contaminate may cause inaccurate times.
  • Supply counts are checked every 10 seconds.